 Dungeon Crawl Stone Soup version 0.24.0-10-g970556be89 (webtiles) character file.

Game seed: 12718449577687275671, levelgen mode: deterministic

69 Aviak the Firebug (level 4, -1/30 HPs)
             Began as a Demonspawn Fire Elementalist on Nov 3, 2019.
             Was a Follower of Cheibriados.
             Slain by Grinder (4 damage)
             ... while paralysed by Grinder
             ... on level 3 of the Dungeon.
             The game lasted 00:05:25 (2668 turns).

Aviak the Firebug (Demonspawn Fire Elementalist)    Turns: 2668, Time: 00:05:25

Health: -1/30      AC:  5    Str: 12    XL:     4   Next: 2%
Magic:  1/7        EV:  2    Int: 20    God:    Cheibriados [*.....]
Gold:   96         SH:  0    Dex: 16    Spells: 2/8 levels left

rFire    . . .     SeeInvis .   g - +0 dagger
rCold    . . .     Gourm    .   f - +2 buckler
rNeg     . . .     Faith    .   a - +0 robe
rPois    .         Spirit   .   (no helmet)
rElec    .         Reflect  .   (no cloak)
rCorr    .         Harm     .   (no gloves)
MR       .....                  i - +0 pair of boots
Stlth    ++........             (no amulet)
HPRegen  0.10/turn              (no ring)
MPRegen  0.10/turn              (no ring)

@: paralysed, very slow
A: molten scales 1
a: Bend Time, Renounce Religion


You were on level 3 of the Dungeon.
You worshipped Cheibriados.
Cheibriados was aware of your devotion.
You were not hungry.

You visited 1 branch of the dungeon, and saw 3 of its levels.

You collected 96 gold pieces.

Inventory:

Hand Weapons
 d - a +0 whip
 g - a +0 dagger (weapon)
Armour
 a - a +0 robe (worn)
 f - a +2 buckler (worn)
 i - a +0 pair of boots (worn)
Jewellery
 j - an uncursed amulet of guardian spirit {unknown}
Scrolls
 b - 2 scrolls of enchant armour
 h - 4 scrolls of immolation {unknown}
 k - a scroll of blinking {unknown}
 l - a scroll of magic mapping {unknown}
 n - 2 scrolls of remove curse {unknown}
Potions
 e - a potion of lignification {unknown}
 m - a potion of haste {unknown}
Comestibles
 c - 2 rations


   Skills:
 + Level 2.4 Dodging
 - Level 1.7 Stealth
 + Level 0.3 Shields
 - Level 2.5 Spellcasting
 + Level 2.1 Conjurations
 + Level 3.2 Fire Magic


You had 2 spell levels left.
You knew the following spells:

 Your Spells              Type           Power        Failure   Level  Hunger
a - Flame Tongue          Conj/Fire      ##...        8%          1    None
b - Throw Flame           Conj/Fire      ##....       12%         2    ##.....
d - Conjure Flame         Conj/Fire      ##......     24%         3    ###....

Your spell library contained the following spells:

 Spells                   Type           Power        Failure   Level  Hunger
 Inner Flame              Hex/Fire       #.......     36%         3    ###....
 Sticky Flame             Conj/Fire      ##......     61%         4    ####...
 Fireball                 Conj/Fire      ##........   91%         5    ######.


Dungeon Overview and Level Annotations

Branches:
Dungeon (3/15)

Altars:
Cheibriados
Nemelex Xobeh

Annotations:
D:3 Grinder


Innate Abilities, Weirdness & Mutations

You are partially covered in molten scales. (AC +2)


Message History

Aim: Grinder (heavily wounded)
The flame tongue hits Grinder.
Grinder is heavily wounded.
Grinder barely misses you. Grinder hits you. Grinder gestures at you.
You suddenly lose the ability to move!
Grinder gestures at you. Pain shoots through your body! Grinder hits you.
You writhe in agony.
* * * LOW HITPOINT WARNING * * *
The goblin shouts!
Grinder gestures at you. You resist with significant effort. Grinder hits you.
* * * LOW HITPOINT WARNING * * *
You writhe in agony.
* * * LOW HITPOINT WARNING * * *
Grinder hits you.
You die...

..#### #.#..#
#.#..# # #.#..#
##.# #.#..#####.
.....###.#..#....#
#.............#
#.............#
#g..g...5@....#
#.............#
#.........[...#
...............#
.....###........[
..... ####.......
... .......
.#.####


You could see Grinder and a goblin.

Vanquished Creatures
  An adder (D:2)
  An ooze (D:2)
  3 worms (D:2)
  A leopard gecko (D:1)
  An orc (D:2)
  5 giant cockroaches
  5 goblins (D:1)
  2 hobgoblins (D:1)
  2 jackals (D:2)
  3 kobolds
  A quokka (D:2)
  10 bats
  4 frilled lizards
  6 rats
45 creatures vanquished.

Notes
Turn   | Place    | Note
-------+----------+-------------------------------------------
     0 | D:1      | Aviak the Demonspawn Fire Elementalist began the quest for
                  | the Orb.
     0 | D:1      | Reached XP level 1. HP: 13/13 MP: 3/3
   265 | D:1      | You fall into a shaft and drop 1 floor!
   275 | D:2      | Gained mutation: You are partially covered in molten
                  | scales. (AC +2) [demonic ancestry]
   275 | D:2      | Reached XP level 2. HP: 18/19 MP: 1/5
   876 | D:2      | Found a snail-covered altar of Cheibriados.
   900 | D:2      | Became a worshipper of Cheibriados the Contemplative
   957 | D:2      | Learned a level 2 spell: Throw Flame
  1288 | D:1      | Reached skill level 3 in Fire Magic
  1288 | D:1      | Reached XP level 3. HP: 21/24 MP: 1/6
  1516 | D:1      | Reached * piety under Cheibriados
  2200 | D:2      | Found a sparkling altar of Nemelex Xobeh.
  2373 | D:2      | Reached XP level 4. HP: 30/30 MP: 4/7
  2378 | D:2      | Learned a level 3 spell: Conjure Flame
  2650 | D:3      | Noticed Grinder
  2662 | D:3      | Paralysed by Grinder for 7 turns
  2668 | D:3      | Slain by Grinder

Levels and vault maps discovered:
D:1:      dpeg_arrival_tiny_d, layout_loops_ring
D:2:      layout_loops_ring, nicolae_overflow_crystal_walls,
          nemelex_dance_club_becter
D:3:      layout_basic, grunt_ministairs_9, chequers_big_river, uniq_grinder

Skill      XL: |  1  2  3 |
---------------+----------+-----
Dodging        | 2 |  2.4
Fire Magic     | 3 |  3.2
Conjurations   | 2 |  2.1
Stealth        | |  1.7
Shields        | |  0.3
Spellcasting   | |  2.5

Action                   |  1- 3 |  4- 6 || total
-------------------------+-------+-------++-------
Melee: Unarmed           |    44 |       ||    44
       Dagger            |    77 |     3 ||    80
       Whip              |     7 |       ||     7
 Cast: Flame Tongue      |    73 |     8 ||    81
  Use: Scroll            |     3 |       ||     3
       Potion            |     1 |       ||     1
 Stab: Sleeping          |     2 |     1 ||     3
  Eat: Chunk             |     4 |     1 ||     5
Armor: Robe              |    62 |     2 ||    64
Dodge: Dodged            |   126 |     4 ||   130
Block: Buckler           |     8 |     3 ||    11
